 Dungeon Crawl Stone Soup version 0.27-a0-380-g150de4c316 (webtiles) character file.

Game seed: 3270753078746459792

825 jestyr24 the Covered (level 7, -2/61 HPs)
             Began as a Minotaur Fighter on Feb 18, 2021.
             Was an Initiate of Elyvilon.
             Slain by wampuh's ghost (14 damage)
             ... on level 4 of the Dungeon.
             The game lasted 00:15:40 (3927 turns).

jestyr24 the Covered (Minotaur Fighter)             Turns: 3927, Time: 00:15:41

Health: -2/61      AC:  9    Str: 23    XL:     7   Next: 64%
Magic:  6/6        EV:  9    Int:  5    God:    Elyvilon [......]
Gold:   131        SH: 10    Dex:  9    Spells: 6/6 levels left

rFire    . . .     SeeInvis .   a - +0 long sword
rCold    . . .     Faith    .   c - +0 kite shield
rNeg     . . .     Spirit   .   b - +0 scale mail
rPois    .         Reflect  .   (helmet restricted)
rElec    .         Harm     .   v - scarf {shadows}
rCorr    .         Rampage  .   j - +0 pair of gloves
Will     .....                  (no boots)
Stlth    ..........             y - amulet of magic regeneration
HPRegen  0.20/turn              (no ring)
MPRegen  0.35/turn              (no ring)

@: no status effects
A: retaliatory headbutt, horns 2
a: Renounce Religion


You were on level 4 of the Dungeon.
You worshipped Elyvilon.
Elyvilon was noncommittal.
You visited 2 branches of the dungeon, and saw 5 of its levels.
You also visited: Sewer.

You collected 131 gold pieces.

Inventory:

Hand Weapons
 a - a +0 long sword (weapon)
 t - a +0 club
 A - a +1 vorpal trident
Missiles
 o - 23 poisoned darts (quivered)
 D - 2 curare-tipped darts
Armour
 b - a +0 scale mail (worn)
 c - a +0 kite shield (worn)
 e - a +0 robe of willpower
 j - a +0 pair of gloves (worn)
 u - a +0 cloak
 v - a scarf of shadows (worn)
Jewellery
 y - an amulet of magic regeneration (around neck)
 E - a ring of fire {unknown}
Scrolls
 l - a scroll of identify {unknown}
 n - a scroll of fog {unknown}
 q - a scroll of random uselessness {unknown}
 s - 3 scrolls of enchant armour {unknown}
 w - a scroll of enchant weapon {unknown}
 z - a scroll of blinking {unknown}
 B - a scroll of magic mapping {unknown}
 G - a scroll of noise {unknown}
Potions
 d - 3 potions of might
 f - a potion of resistance {unknown}
 g - 9 potions of curing {unknown}
 h - a potion of degeneration {unknown}
 i - 2 potions of lignification {unknown}
 k - a potion of attraction {unknown}
 m - 3 potions of haste {unknown}
 p - a potion of ambrosia {unknown}
 r - 3 potions of flight {unknown}
 x - 3 potions of heal wounds {unknown}
 C - 3 potions of brilliance {unknown}
 F - a potion of cancellation {unknown}


   Skills:
 + Level 5.4 Fighting
 + Level 3.8 Long Blades
 + Level 6.9 Armour
 + Level 3.2 Dodging
 + Level 6.6 Shields


You had 6 spell levels left.
You didn't know any spells.
Your spell library was empty.

Dungeon Overview and Level Annotations

Branches:
Dungeon (4/15)             Temple (1/1) D:4           Sewer (visited)

Altars:
Ashenzari
Cheibriados
Dithmenos
Elyvilon
Fedhas
Gozag
Hepliaklqana
Kikubaaqudgha
Makhleb
Nemelex Xobeh
Okawaru
Qazlal
Ru
Sif Muna
Uskayaw
Vehumet
Wu Jian
Xom
Yredelemnul
Zin
The Shining One

Annotations:
D:4 wampuh's ghost, amateur TrMo


Innate Abilities, Weirdness & Mutations

You reflexively headbutt those who attack you in melee.
You have a pair of horns on your head.


Message History

Wampuh's ghost is moderately damaged.
You block wampuh's ghost's attack.
You slash wampuh's ghost! You headbutt wampuh's ghost.
Wampuh's ghost is heavily damaged.
You block wampuh's ghost's attack. x2
You hit wampuh's ghost.
Wampuh's ghost is heavily damaged.
Wampuh's ghost assumes a wrestling stance.
Wampuh's ghost hits you but does no damage.
You hit wampuh's ghost.
Wampuh's ghost is heavily damaged.
Wampuh's ghost hits you!
You closely miss wampuh's ghost.
Wampuh's ghost is heavily damaged.
Wampuh's ghost barely misses you.
You riposte.
You barely miss wampuh's ghost.
Wampuh's ghost is heavily damaged.
Wampuh's ghost hits you but does no damage.
You hit wampuh's ghost but do no damage.
Wampuh's ghost is heavily damaged.
Wampuh's ghost hits you!
You barely miss wampuh's ghost.
Wampuh's ghost is heavily damaged.
Wampuh's ghost hits you but does no damage.
You slash wampuh's ghost!
Wampuh's ghost is severely damaged.
Wampuh's ghost grins evilly.
Wampuh's ghost closely misses you. You block wampuh's ghost's attack.
You slash wampuh's ghost!
Wampuh's ghost is severely damaged.
Wampuh's ghost hits you!
You hit wampuh's ghost. Your headbutt misses wampuh's ghost.
Wampuh's ghost is almost destroyed.
Wampuh's ghost hits you!
* * * LOW HITPOINT WARNING * * *
Wampuh's ghost hits you.
* * * LOW HITPOINT WARNING * * *
You barely miss wampuh's ghost.
Wampuh's ghost is almost destroyed.
Wampuh's ghost hits you!
You die...

#.>.#......≈≈≈...####.###..#..###
#...####.....P.............#.....
8...####.......#...........#.....
.................#...............
####.#####.......................
.......##....#.#.................
≈≈.#.#....#..#...#########......>
≈.P#....#.##.....#......[#.......
≈≈P#..###.......@#..#.#..#.#...÷.
≈≈...#...####....W...#...#.......
..........###....'.....$.#.......
...#.......##....'...#.$.#.#.....
...#.......##....#..#.#..#.##.##.
...#.......##....#.......#.##...≈
..###.....######.#########.##.≈.≈
.####......#####...........##.≈≈≈
## #..........##...##..######.≈≈≈


You could see wampuh's ghost.

Vanquished Creatures
  5 kobold brigands (Sewer)
  A howler monkey (D:4)
  2 bullfrog zombies (D:4)
  2 centaur zombies (D:4)
  A hound (D:4)
  A centaur skeleton (D:4)
  Crazy Yiuf (D:2)
  4 gnolls (D:2)
  8 adders
  2 oozes
  2 adder skeletons (D:4)
  2 adder zombies (D:4)
  5 worms
  3 dart slugs
  5 orcs
  5 giant cockroaches
  2 goblins
  5 hobgoblins
  2 quokkas (D:4)
  4 ball pythons
  10 bats
  5 frilled lizards
  A jackal zombie (D:4)
  12 kobolds
  11 rats
101 creatures vanquished.

Vanquished Creatures (others)
  A fungus (Sewer)
  A plant (Sewer)
2 creatures vanquished.

Grand Total: 103 creatures vanquished

Notes
Turn   | Place    | Note
-------+----------+-------------------------------------------
     0 | D:1      | jestyr24 the Minotaur Fighter began the quest for the Orb.
     0 | D:1      | Reached XP level 1. HP: 19/19 MP: 0/0
   110 | D:1      | Reached XP level 2. HP: 26/27 MP: 1/1
   933 | D:2      | Reached XP level 3. HP: 33/33 MP: 2/2
  1051 | D:2      | Reached XP level 4. HP: 34/40 MP: 3/3
  1521 | D:2      | Reached skill level 5 in Armour
  1521 | D:2      | Reached skill level 1 in Dodging
  1998 | D:2      | Found a runed translucent door.
  1999 | D:2      | Noticed Crazy Yiuf
  2005 | D:2      | Killed Crazy Yiuf
  2006 | D:2      | Reached XP level 5. HP: 47/47 MP: 4/4
  2260 | D:3      | Found a basalt altar of Yredelemnul.
  2625 | D:4      | Reached skill level 5 in Shields
  2634 | D:4      | Reached XP level 6. HP: 49/53 MP: 5/5
  2669 | D:4      | Found a glowing drain.
  2698 | Sewer    | Entered a sewer
  2873 | Sewer    | Reached skill level 5 in Fighting
  2910 | Sewer    | Reached XP level 7. HP: 14/61 MP: 6/6
  3562 | D:4      | Found a staircase to the Ecumenical Temple.
  3570 | Temple   | Entered the Ecumenical Temple
  3648 | Temple   | Became a worshipper of Elyvilon the Healer
  3730 | D:4      | Found a runed translucent gate.
  3735 | D:4      | Found a runed translucent gate.
  3735 | D:4      | Found a runed translucent gate.
  3746 | D:4      | Noticed wampuh's ghost (amateur TrMo)
  3927 | D:4      | Slain by wampuh's ghost

Illustrated notes

Levels and vault maps discovered:
D:1:      lemuel_arrival_cross, layout_basic
D:2:      layout_loops_ring, minmay_tall_x, uniq_crazy_yiuf_cottage
D:3:      layout_rooms, old_standard_altar
D:4:      layout_rooms, temple_statues, gammafunk_ghost_split, serial_undead,
          serial_undead_f, serial_undead_e, serial_undead_f, serial_undead_f,
          cheibrodos_sewer_entry_bend
Temple:   regret_index_temple_sigil_plot

Skill      XL: |  1  2  3  4  5  6  7 |
---------------+----------------------+-----
Armour         | 4 5 6 |  6.9
Fighting       | 4 5 |  5.4
Shields        | 4 5 6 |  6.6
Long Blades    | 3 |  3.8
Dodging        | 1 2 3 |  3.2

Action                   |  1- 3 |  4- 6 |  7- 9 || total
-------------------------+-------+-------+-------++-------
Melee: Long sword        |    14 |     9 |    37 ||    60
       Headbutt          |     6 |    37 |    18 ||    61
       Short sword       |    32 |   163 |    51 ||   246
Armor: Scale mail        |    25 |   106 |    34 ||   165
Dodge: Dodged            |    22 |    91 |    29 ||   142
Block: Kite shield       |    23 |   133 |    40 ||   196
       Rpst.: Long sword |     4 |     8 |     3 ||    15

Table legend: (Time is in decaauts)
 A = Elapsed time spent in this place.
 B = Non-inter-level travel time spent in this place.
 C = Inter-level travel time spent in this place.
 D = Time resting spent in this place.
 E = Time spent auto-exploring this place.
 F = Levels seen in this place.
 G = Mean time per level.
                   A        B        C        D        E       F      G
               +--------+--------+--------+--------+--------+-----+--------+
         Total |   4037 |   3946 |     91 |    436 |   2310 |   6 |  672.8 |
       Dungeon |   3293 |   3202 |     91 |    207 |   2151 |   4 |  823.2 |
        Temple |    128 |    128 |      0 |      0 |     42 |   1 |  128.0 |
         Sewer |    615 |    615 |      0 |    229 |    117 |   1 |  615.0 |
               +--------+--------+--------+--------+--------+-----+--------+

Top non-repeatable levels by time:
     D:2: 1525 daAuts
     D:1: 680 daAuts
     D:4: 670 daAuts
   Sewer: 615 daAuts
     D:3: 417 daAuts
  Temple: 128 daAuts
